 Dungeon Crawl Stone Soup version 0.31-a0-640-g39d97e502b (webtiles) character file.

Game seed: 2477476111926475600

389 ytrimaz the Ducker (level 6, -1/43 HPs)
             Began as a Merfolk Shapeshifter on Aug 28, 2023.
             Slain by a gnoll
             ... wielding a +0 halberd
              (11 damage)
             ... on level 3 of the Dungeon.
             The game lasted 00:03:25 (2059 turns).

ytrimaz the Ducker (Merfolk Shapeshifter)           Turns: 2059, Time: 00:03:25

Health: -1/43      AC:  2    Str: 14    XL:     6   Next: 79%
Magic:  6/6        EV: 15    Int: 10    God:
Gold:   162        SH:  0    Dex: 15    Spells: 5/5 levels left

rFire   + .          .
                       - Unarmed
rCold   . . .        (no shield)
rNeg    . . .        a - +0 animal skin
rPois   .            (helmet currently unavailable)
rElec   .            (cloak currently unavailable)
rCorr   .            (gloves currently unavailable)
SInv    .            (boots currently unavailable)
Will    .....        e - amulet of regeneration
Stlth   +            l - ring of protection from fire
HPRegen 1.07/turn    (no ring)
MPRegen 0.10/turn

%: no passive effects
@: beast-form
A: beast (slay +3), (nimble swimmer 2), mertail
a: Begin Untransformation


You were on level 3 of the Dungeon.
You were a hulking beast.
You visited 1 branch of the dungeon, and saw 3 of its levels.

You collected 162 gold pieces.


Innate Abilities, Weirdness & Mutations

You are a hulking beast.
Your limbs bulge with bestial killing power. (Slay +3)
((You are very nimble when in or above water. (Stealth+, EV+, Speed+++)))
Your lower body shifts to a powerful aquatic tail in water.


   Skills:
 - Level 1.1 Fighting
 - Level 6.4 Dodging
 + Level 5.1 Unarmed Combat
 + Level 5.8 Shapeshifting


You had 5 spell levels left.
You didn't know any spells.
Your spell library contained the following spells:

 Spells                   Type           Power      Damage    Failure   Level
 Summon Small Mammal      Summ           0%         N/A       36%         1
 Poisonous Vapours        Pois/Air       0%         N/A       50%         2
 Call Canine Familiar     Summ           0%         N/A       75%         3
 Mephitic Cloud           Conj/Pois/Air  0%         N/A       75%         3
 Summon Guardian Golem    Hex/Summ       0%         N/A       75%         3
 Freezing Cloud           Conj/Ice/Air   0%         6-21      100%        5
 Summon Forest            Summ/Tloc      0%         N/A       100%        5
 Summon Mana Viper        Hex/Summ       0%         N/A       100%        5
 Summon Cactus Giant      Summ           0%         N/A       100%        6

Inventory:

Armour
 a - a +0 animal skin (worn)
Jewellery
 e - an amulet of regeneration (around neck)
   (You found it on level 1 of the Dungeon)
 l - a ring of protection from fire (left hand)
   (You found it on level 2 of the Dungeon)
Talismans
 c - a beast talisman (active)
 d - a flux talisman
Scrolls
 b - a scroll of poison {unknown}
 f - 3 scrolls of teleportation {unknown}
 g - a scroll of blinking {unknown}
 h - a scroll of noise {unknown}
 j - 7 scrolls of identify {unknown}
 m - a scroll of vulnerability {unknown}
Potions
 i - a potion of haste {unknown}
 k - a potion of curing {unknown}
 n - a potion of heal wounds {unknown}

Dungeon Overview and Level Annotations

Branches:
Dungeon (3/15) Zot: 15963

Altars:
Cheibriados

#.# #. #.# .#######. #.#
......... #.# .......#.
#.. ### ##### #####...
##. .g# .#⌠~~###~~⌠#.#.
#.###.#~~~~~~~~~#.#.
#g#..#~~~#~#~~~#.#.
#gh#.##~##.##~##.#.
.#.###..#..#~#._.#~#....
........#.##~##.##~##.##
.#.####.#.#~~~###~~~#.#
#.#.#~~~~~~~~~#.#
#.#.#⌠~~#'#~~⌠#.#
#.(.#####.#####.##
###...............
######..#####.##


You could see 3 gnolls.


Message History

😕 HP[+1]
You open the door.
A worm comes into view.
Found a snail-covered altar of Cheibriados. 😎 HP[+9]
Your hp is fully restored (43).
A worm is nearby!
A worm is nearby!
A worm is nearby!
There is an open door here.
No reachable target in view!
Your legs become a tail as you enter the water.
No reachable target in view!
No target in view!
Unknown command.
No target in view!
No target in view!
No target in view!
No target in view!
The worm closely misses you.
Unknown command.
The worm misses you.
There is a snail-covered altar of Cheibriados here.
You punch the worm! You hit the worm. The worm barely misses you.
Unknown command.
Press < or > to pray at altars.
You punch the worm!
You kill the worm!
No target in view!
Unknown command.
Your legs become a tail as you enter the water.
There is an open door here.
You see here 4 stones.
A gnoll comes into view. It is wielding a +0 club.
A gnoll is nearby!
A gnoll is nearby!
A gnoll is nearby!
A gnoll is nearby!
The gnoll shouts!
You hear a shout!
A gnoll comes into view. It is wielding a +0 halberd.
You hit the gnoll. The gnoll completely misses you.
You hit the gnoll.
Unknown command.
You hit the gnoll. Your punch misses the gnoll. The gnoll barely misses you.
You hit the gnoll. The gnoll misses you.
The gnoll hits you from afar with a +0 halberd. 😕 HP[-6]
You take 6 damage, and now have 37/43 hp.
Unknown command.
You hit the gnoll but do no damage. The gnoll completely misses you.
The gnoll barely misses you. 😕 HP[+1]
You hit the gnoll.
You kill the gnoll!
The gnoll throws a throwing net.
The throwing net hits you.
You become entangled in the net! 😕 HP[+1]
You tear a large gash into the net.
The gnoll barely misses you.
You struggle against the net.
The gnoll hits you from afar with a +0 halberd.
A gnoll comes into view. It is wielding a +0 spear. 😕 HP[-1]
You take 1 damage, and now have 38/43 hp.
You rip the net and break free!
The gnoll shouts!
A gnoll comes into view. It is wielding a +0 whip of freezing.
The gnoll closely misses you. 😕 HP[+1]
The gnoll shouts!
The gnoll hits you with a +0 halberd!
Things that are here:
a +0 club; a gnoll corpse; 😮 HP[-15]
You take 15 damage, and now have 24/43 hp.
MASSIVE DAMAGE!! (PAUSE)
You are too injured to fight recklessly!
Unknown command.
You are too injured to fight recklessly!
You hit the gnoll. 😮 HP[+1]
The gnoll misses you. The gnoll hits you with a +0 halberd!
* * * LOW HITPOINT WARNING * * *
😨 HP[-7]
You take 7 damage, and now have 18/43 hp.
Unknown command.
You punch the gnoll! The gnoll completely misses you.
The gnoll misses you. 😨 HP[+1] Unknown command.
Unknown command.
You hit the gnoll but do no damage. The gnoll completely misses you.
The gnoll hits you with a +0 halberd!
* * * LOW HITPOINT WARNING * * *
😱 HP[-10]
You take 10 damage, and now have 9/43 hp.
MASSIVE DAMAGE!! (PAUSE)
Press: ? - help, v - describe, . - travel
Here: a gnoll, wielding a +0 whip of freezing (heavily wounded)
The floor.
The gnoll hits you with a +0 halberd!
You die...

Skill      XL: |  1  2  3  4  5  6 |
---------------+-------------------+-----
Dodging        | 6 |  6.4
Unarmed Combat | 4 5 |  5.1
Shapeshifting  | 5 |  5.8
Fighting       | |  1.1

Action                     |  1- 3 |  4- 6 || total
---------------------------+-------+-------++-------
  Melee: Unarmed           |    56 |   134 ||   190
         Punch             |       |     4 ||     4
    Use: Potion            |     1 |       ||     1
   Stab: Sleeping          |     1 |       ||     1
 Armour: Animal skin       |    10 |    14 ||    24
         Skin              |    13 |     8 ||    21
  Dodge: Dodged            |    19 |    87 ||   106

Levels and vault maps discovered:
D:1:      reono_arrival_mine, layout_loops_ring, minivault_5
D:2:      layout_basic, uniq_sigmund
D:3:      minmay_general_purpose_star, layout_loops_ring,
          cheibrodos_worm_habitat, hex_tiny, nicolae_elevator_lobby_plus,
          uniq_robin

Notes
Turn   | Place    | Note
-------+----------+-------------------------------------------
     0 | D:1      | ytrimaz the Merfolk Shapeshifter began the quest for the
                  | Orb.
     0 | D:1      | Reached XP level 1. HP: 15/15 MP: 1/1
     0 | D:1      | magus.rc [v1.9.6]
   190 | D:1      | Reached XP level 2. HP: 18/21 MP: 2/2
   359 | D:1      | You pick up a book of Vapours and begin reading...
   359 | D:1      | You add the spells Poisonous Vapours, Mephitic Cloud and
                  | Freezing Cloud to your library.
   747 | D:1      | You pick up a book of Callings and begin reading...
   747 | D:1      | You add the spells Summon Small Mammal, Call Canine
                  | Familiar and Summon Guardian Golem to your library.
   840 | D:2      | Reached XP level 3. HP: 26/26 MP: 3/3
   849 | D:2      | Noticed Sigmund
   866 | D:2      | Killed Sigmund
   867 | D:2      | Reached skill level 6 in Dodging
   867 | D:2      | Reached XP level 4. HP: 32/32 MP: 4/4
   867 | D:2      | Reached XP level 5. HP: 37/37 MP: 5/5
   871 | D:2      | Reached skill level 4 in Unarmed Combat
  1094 | D:2      | Reached skill level 5 in Shapeshifting
  1311 | D:2      | Reached XP level 6. HP: 43/43 MP: 6/6
  1591 | D:3      | You pick up a book of the Wilderness and begin reading...
  1591 | D:3      | You add the spells Summon Forest, Summon Mana Viper and
                  | Summon Cactus Giant to your library.
  1949 | D:3      | Noticed Robin
  1967 | D:3      | Killed Robin
  1968 | D:3      | Reached skill level 5 in Unarmed Combat
  2001 | D:3      | Found a snail-covered altar of Cheibriados.
  2058 | D:3      | HP: 9/43 [gnoll/+0 halberd (11)]
  2059 | D:3      | Slain by a gnoll

Vanquished Creatures
  Sigmund (D:2)
  An ogre (D:3)
  Robin (D:3)
  A gnoll (D:3)
  4 adders
  4 worms
  2 dart slugs (D:2)
  4 orcs (D:3)
  7 endoplasms
  A giant cockroach (D:2)
  10 goblins
  10 hobgoblins
  5 kobolds
  A quokka (D:2)
  7 ball pythons
  8 bats
  3 frilled lizards
  2 rats (D:2)
72 creatures vanquished.

Table legend:
 A = Non-vault XP
 B = Vault XP
 C = Vault XP percentage of total XP
 D = Non-vault monster count
 E = Vault monster count
 F = Vault count percentage of total count
                 A         B        C        D         E       F
            +---------+---------+-------+---------+---------+-------
      Total |     154 |     402 |  72.3 |      54 |      18 |  25.0
            +---------+---------+-------+---------+---------+-------
        D:1 |      30 |       0 |   0.0 |      19 |       0 |   0.0
        D:2 |      77 |     223 |  74.3 |      26 |       1 |   3.7
        D:3 |      47 |     179 |  79.2 |       9 |      17 |  65.4
            +---------+---------+-------+---------+---------+-------

Skill      XL: |  1  2  3  4  5  6 |
---------------+-------------------+-----
Dodging        | 6 |  6.4
Unarmed Combat | 4 5 |  5.1
Shapeshifting  | 5 |  5.8
Fighting       | |  1.1

Action                     |  1- 3 |  4- 6 || total
---------------------------+-------+-------++-------
  Melee: Unarmed           |    56 |   134 ||   190
         Punch             |       |     4 ||     4
    Use: Potion            |     1 |       ||     1
   Stab: Sleeping          |     1 |       ||     1
 Armour: Animal skin       |    10 |    14 ||    24
         Skin              |    13 |     8 ||    21
  Dodge: Dodged            |    19 |    87 ||   106

Illustrated notes

Table legend:
 A = Kills in this place as a percentage of kills in the entire game.
 B = Kills by you in this place as a percentage of kills by you in the entire game.
 C = Kills by friends in this place as a percentage of kills by friends in the entire game.
 D = Other kills in this place as a percentage of other kills in the entire game.
 E = Experience gained in this place as a percentage of experience gained in the entire game.
 F = Experience gained in this place divided by the number of levels of this place that you have seen.
                   A       B       C       D       E      F
               +-------+-------+-------+-------+-------+----------------------
         Total | 100.0 | 100.0 |   N/A |   N/A | 100.0 | 185.3
       Dungeon | 100.0 | 100.0 |   N/A |   N/A | 100.0 | 185.3
               +-------+-------+-------+-------+-------+----------------------

Table legend: (Time is in decaauts)
 A = Elapsed time spent in this place.
 B = Non-inter-level travel time spent in this place.
 C = Inter-level travel time spent in this place.
 D = Time resting spent in this place.
 E = Time spent auto-exploring this place.
 F = Levels seen in this place.
 G = Mean time per level.
                   A        B        C        D        E       F      G
               +--------+--------+--------+--------+--------+-----+--------+
         Total |   2035 |   2012 |     23 |      0 |   1527 |   3 |  678.3 |
       Dungeon |   2035 |   2012 |     23 |      0 |   1527 |   3 |  678.3 |
               +--------+--------+--------+--------+--------+-----+--------+

Top non-repeatable levels by time:
     D:1: 771 daAuts
     D:2: 686 daAuts
     D:3: 577 daAuts
